 Dungeon Crawl Stone Soup version 0.25-a0-1133-g93ebf739aa (webtiles) character file.

Game seed: 3528809951553573644, levelgen mode: classic

5076 Amnesiac the Archer (level 10, -6/52 HPs)
             Began as a Deep Elf Arcane Marksman on May 20, 2020.
             Was a Priest of Okawaru.
             Mangled by a death yak (20 damage)
             ... on level 7 of the Dungeon.
             The game lasted 00:39:15 (12984 turns).

Amnesiac the Archer (Deep Elf Arcane Marksman)     Turns: 12984, Time: 00:39:15

Health: -6/52      AC:  6    Str: 10    XL:     10   Next: 31%
Magic:  12/15      EV: 11    Int: 19    God:    Okawaru [***...]
Gold:   415        SH:  5    Dex: 15    Spells: 0/12 levels left

rFire    . . .     SeeInvis .   a - +1 shortbow
rCold    . . .     Gourm    .   (shield currently unavailable)
rNeg     . . .     Faith    .   p - +0 ring mail
rPois    .         Spirit   .   (no helmet)
rElec    .         Reflect  +   z - scarf {repulsion}
rCorr    +         Harm     .   t - +0 pair of gloves
MR       +....                  (no boots)
Stlth    ++........             x - amulet of reflection
HPRegen  0.17/turn              K - ring of stealth
MPRegen  0.14/turn              u - ring of resist corrosion

@: repel missiles
A: no striking features
a: Heroism, Renounce Religion


You were on level 7 of the Dungeon.
You worshipped Okawaru.
Okawaru was most pleased with you.
You were near starving.

You visited 2 branches of the dungeon, and saw 9 of its levels.

You collected 415 gold pieces.

Inventory:

Hand Weapons
 a - a +1 shortbow (weapon)
 b - the +6 whip of the Ancients {drain, Int+4}
   (You took it off an orc warrior on level 8 of the Dungeon)

   A truly terrible weapon, it drains the life of those it strikes.
   It affects your intelligence (+4).
 m - a +0 whip of electrocution
Missiles
 d - 161 arrows (quivered)
 h - 5 poisoned darts
Armour
 p - a +0 ring mail (worn)
 t - a +0 pair of gloves (worn)
 v - a +0 cloak
 z - a scarf of repulsion (worn)
Magical Staves
 i - an uncursed staff of air
Jewellery
 g - an uncursed ring of positive energy
 u - a ring of resist corrosion (right hand)
 x - an amulet of reflection (around neck)
 K - a ring of stealth (left hand)
Wands
 B - a wand of flame (7)
 E - a wand of disintegration (5)
 H - a wand of digging (6)
Scrolls
 c - 2 scrolls of enchant weapon {!r}
 j - 4 scrolls of remove curse {!r}
 l - 3 scrolls of blinking {!r}
 r - 2 scrolls of teleportation {!r}
 y - a scroll of summoning {!r, unknown}
 C - 2 scrolls of magic mapping {!r}
 I - a scroll of fog {!r}
Potions
 e - 2 potions of flight {!q}
 k - 2 potions of haste {!q}
 q - a potion of invisibility {!q}
 s - a potion of mutation {!q}
 D - a potion of stabbing {!q}
 F - a potion of cancellation {!q}
 G - a potion of brilliance {!q, unknown}
 L - a potion of degeneration {!q, unknown}
Comestibles
 f - 16 rations


   Skills:
 - Level 1.0 Fighting
 * Level 13.8 Bows
 - Level 2.4 Dodging
 - Level 1.5 Spellcasting
 - Level 10.0 Hexes
 - Level 4.0 Evocations


You couldn't memorise any spells.
You knew the following spells:

 Your Spells              Type           Power        Failure   Level  Hunger
a - Corona                Hex            #####..      1%          1    ##.....
b - Cause Fear            Hex            #####.....   8%          4    #####..
c - Swiftness             Chrm/Air       #.......     56%         2    ###....
e - Slow                  Hex            #####...     1%          2    ###....
z - Confusing Touch       Hex            #####...     2%          3    ####...

Your spell library contained the following spells:

 Spells                   Type           Power        Failure   Level  Hunger
 Inner Flame              Hex/Fire       ###.....     19%         3    ####...
 Portal Projectile        Hex/Tloc       ###...       19%         3    ####...
 Shock                    Conj/Air       #...         43%         1    ##.....
 Leda's Liquefaction      Hex/Erth       ###.......   52%         4    #####..
 Gell's Gravitas          Tloc           #.........   80%         3    ####...
 Static Discharge         Conj/Air       #.......     80%         3    ####...
 Metabolic Englaciation   Hex/Ice        ###.......   86%         5    ######.
 Yara's Violent Unravell  Hex/Tmut       ###.......   86%         5    ######.
 Airstrike                Air            #.........   99%         4    #####..
 Petrify                  Tmut/Erth      #.......     99%         4    #####..
 Lightning Bolt           Conj/Air       #.........   100%        5    ######.


Dungeon Overview and Level Annotations

Branches:
Dungeon (8/15)             Temple (1/1) D:6            Lair (0/6) D:8

Altars:
Ashenzari
Cheibriados
Dithmenos
Elyvilon
Fedhas
Gozag
Hepliaklqana
Kikubaaqudgha
Makhleb
Nemelex Xobeh
Okawaru
Qazlal
Ru
Sif Muna
Trog
Uskayaw
Vehumet
Wu Jian
Xom
Yredelemnul
Zin
The Shining One


Message History

Aiming: Slow (safe; 1% risk of failure)
Press: ? - help, Shift-Dir - straight line, f/p - death yak
Aim: a death yak (chance to defeat MR: 13%)
The death yak seems to slow down.
There is a stone staircase leading up here.
Casting: Slow (safe; 1% risk of failure)
Confirm with . or Enter, or press ? or * to list all spells.
Aiming: Slow (safe; 1% risk of failure)
Press: ? - help, Shift-Dir - straight line, f/p - death yak
Aim: a death yak (slow, chance to defeat MR: 13%)
The death yak resists with almost no effort.
You are feeling very hungry.
You block the death yak's attack.
You climb upwards.
There is a stone staircase leading down here.
The death yak gores you!
There is a stone staircase leading down here.
You climb downwards.
There is a stone staircase leading up here.
A death yak is nearby!
Casting: Slow (safe; 1% risk of failure)
Confirm with . or Enter, or press ? or * to list all spells.
Aiming: Slow (safe; 1% risk of failure)
Press: ? - help, Shift-Dir - straight line, f - death yak
Aim: a death yak (wandering, hasn't noticed you, chance to defeat MR: 13%)
The death yak resists with almost no effort.
Casting: Slow (safe; 1% risk of failure)
Confirm with . or Enter, or press ? or * to list all spells.
Aiming: Slow (safe; 1% risk of failure)
Press: ? - help, Shift-Dir - straight line, f/p - death yak
Aim: a death yak (chance to defeat MR: 13%)
The death yak resists with almost no effort.
Things that are here:
a +0 giant club; a +0 giant spiked club The death yak gores you.
Things that are here:
a +0 plate armour; a +4 trident
There is an open door here.
There is a stone staircase leading up, spattered with blood here.
Okay, then.
You are near starving!
Casting: Slow (safe; 1% risk of failure)
Confirm with . or Enter, or press ? or * to list all spells.
Aiming: Slow (safe; 1% risk of failure)
Press: ? - help, Shift-Dir - straight line, f/p - death yak
Aim: a death yak (chance to defeat MR: 13%)
The death yak resists with almost no effort.
The death yak gores you!
There is an escape hatch in the ceiling here.
Casting: Slow (safe; 1% risk of failure)
Confirm with . or Enter, or press ? or * to list all spells.
Aiming: Slow (safe; 1% risk of failure)
Press: ? - help, Shift-Dir - straight line, f/p - death yak
Aim: a death yak (chance to defeat MR: 13%)
The death yak resists with almost no effort.
The death yak gores you.
Really go through this one-way escape hatch?
The death yak gores you!
* * * LOW HITPOINT WARNING * * *
A mysterious force pulls you upwards. The hatch slams shut behind you.
Unknown command.
The death yak bellows!
The death yak gores you!!
You die...

#...#.....# #...#.....## #####
########...#......######...######
#......#...#.....................
#..................##....##.#####
#........>.#.....#######.........
#......#........Y# ##.####.##
#......#..(###.Y.# #.# #.#.
#..........##..#@## #.# #...
#......#..###.##..#######.#####..
#########........................
##..#........#..###.#####..
#..##......####...#.##.....
##.###......# ###.#.##.....
#......#..###### #.#.##.....
#......#..####.###.#.....##.
#####......#....##.....#.....#..


You could see 2 death yaks.

Vanquished Creatures
  A two-headed ogre (D:8)
  A death yak (D:8)
  Pikel (D:7)
  A hippogriff (D:8)
  A spriggan (D:7)
  Eustachio (D:6)
  A hungry ghost (D:7)
  3 orc warriors
  4 slaves (D:7)
  An ice beast (D:6)
  2 sky beasts (D:8)
  A black bear (D:8)
  An ogre (D:6)
  A necrophage (D:5)
  4 centaurs
  A big kobold (D:8)
  2 bullfrogs (D:8)
  2 scorpions
  4 howler monkeys
  A crimson imp (D:6)
  A quasit (D:7)
  2 bullfrog zombies
  2 centaur skeletons
  2 hounds
  A gnoll shaman (D:5)
  An orc priest (D:3)
  4 jellies
  A bullfrog skeleton (D:8)
  3 iguanas
  6 worker ants
  9 orc wizards
  A killer bee zombie (D:8)
  A hound skeleton (D:6)
  2 worker ant zombies
  7 gnolls
  4 adders
  A shadow imp (D:5)
  An adder skeleton (D:5)
  3 worms
  4 dart slugs
  5 leopard geckos
  20 orcs
  7 giant cockroaches
  6 goblins
  7 hobgoblins
  2 jackals (D:7)
  9 kobolds
  5 quokkas
  A ball python (D:1)
  8 bats
  5 frilled lizards
  A leopard gecko skeleton (D:8)
  2 leopard gecko zombies
  A quokka skeleton (D:4)
  4 rats
173 creatures vanquished.

Vanquished Creatures (others)
  A worm (D:3)
  A hobgoblin (D:3)
2 creatures vanquished.

Grand Total: 175 creatures vanquished

Notes
Turn   | Place    | Note
-------+----------+-------------------------------------------
     0 | D:1      | Amnesiac the Deep Elf Arcane Marksman began the quest for
                  | the Orb.
     0 | D:1      | Reached XP level 1. HP: 11/11 MP: 5/5
   136 | D:1      | Reached skill level 1 in Fighting
   154 | D:1      | Reached XP level 2. HP: 16/16 MP: 1/6
   158 | D:1      | Learned a level 2 spell: Slow
   220 | D:1      | Reached skill level 3 in Bows
   943 | D:1      | Reached XP level 3. HP: 20/20 MP: 5/7
  2246 | D:2      | Found a snail-covered altar of Cheibriados.
  2651 | D:3      | Reached skill level 4 in Bows
  2651 | D:3      | Reached skill level 5 in Hexes
  2651 | D:3      | Reached XP level 4. HP: 23/25 MP: 5/8
  3529 | D:3      | Reached skill level 5 in Bows
  3529 | D:3      | Reached XP level 5. HP: 17/29 MP: 6/9
  3739 | D:3      | Noticed an orc warrior
  4520 | D:4      | Found a burning altar of Makhleb.
  4604 | D:4      | Found a shadowy altar of Dithmenos.
  4606 | D:4      | Found a blossoming altar of Fedhas.
  4767 | D:4      | Reached XP level 6. HP: 27/34 MP: 7/10
  4983 | D:5      | Entered Level 5 of the Dungeon
  5004 | D:4      | Reached skill level 6 in Bows
  5215 | D:5      | Reached skill level 1 in Evocations
  5774 | D:5      | Found a shattered altar of Ashenzari.
  5872 | D:5      | Reached XP level 7. HP: 25/38 MP: 6/11
  6235 | D:4      | Learned a level 4 spell: Cause Fear
  6697 | D:5      | Reached skill level 7 in Bows
  7432 | D:6      | Noticed Eustachio
  7435 | D:6      | Killed Eustachio
  7466 | D:6      | Reached XP level 8. HP: 42/42 MP: 9/13
  7542 | D:6      | Reached skill level 8 in Bows
  7803 | D:6      | Learned a level 3 spell: Confusing Touch
  7824 | D:6      | Found a staircase to the Ecumenical Temple.
  7842 | Temple   | Entered the Ecumenical Temple
  8593 | D:6      | Reached skill level 9 in Bows
  8633 | D:6      | Found a glowing golden altar of the Shining One.
  8816 | D:6      | Found an iron altar of Okawaru.
  8944 | D:6      | Became a worshipper of Warmaster Okawaru
  9506 | D:7      | Reached skill level 10 in Bows
  9562 | D:7      | Reached XP level 9. HP: 36/46 MP: 12/14
  9591 | D:7      | Reached * piety under Okawaru
 10105 | D:7      | Noticed Pikel
 10222 | D:7      | Killed Pikel
 10222 | D:7      | Reached ** piety under Okawaru
 10222 | D:7      | Reached skill level 11 in Bows
 10222 | D:7      | Reached skill level 10 in Hexes
 10512 | D:8      | Noticed a two-headed ogre
 10595 | D:8      | Killed a two-headed ogre
 10595 | D:8      | Reached skill level 12 in Bows
 10986 | D:8      | Reached *** piety under Okawaru
 11083 | D:8      | Reached XP level 10. HP: 40/51 MP: 15/15
 11420 | D:8      | Learned a level 2 spell: Swiftness
 11442 | D:8      | Reached skill level 13 in Bows
 11512 | D:8      | Noticed a death yak
 11663 | D:8      | Noticed a death yak
 12014 | D:8      | Noticed a death yak
 12014 | D:8      | Noticed a death yak
 12511 | D:8      | Identified the +6 whip of the Ancients {drain, Int+4}
 12622 | D:8      | Found a staircase to the Lair.
 12634 | D:8      | Noticed a death yak
 12698 | D:8      | Killed a death yak
 12984 | D:7      | Mangled by a death yak

Illustrated notes

Levels and vault maps discovered:
D:1:      heliophobic_arrival_ceremonial_halls, layout_basic,
          chequers_serial_rivers_small_b, minmay_tetromino_l4
D:2:      layout_loops_ring, lemuel_round_altar, corner_web_ring,
          chequers_serial_rivers_micro_a
D:3:      layout_loops_ring, first_ration, hangedman_decor_diamond_cutter,
          lemuel_flame_loot_1
D:4:      layout_basic, grunt_temple_overflow_open,
          hangedman_abyss_or_decor_lesser_grid
D:5:      layout_loops_ring, ashenzari_altar_1
D:6:      layout_loops_ring, chequers_temple_overflow_statue_of_worship,
          minmay_temple_entry_steel_oval, kennysheep_generic_room_12,
          uniq_eustachio
D:7:      layout_rooms, the_bakery, uniq_pikel
D:8:      layout_basic, dpeg_lair_monsters
Temple:   nicolae_temple_elliptical

Skill      XL: |  1  2  3  4  5  6  7  8  9 10 |
---------------+-------------------------------+-----
Fighting       | 1 |  1.0
Bows           | 3 4 5 6 7 10 12 13 | 13.8
Hexes          | 5 6 7 9 10 | 10.0
Evocations     | 3 4 |  4.0
Dodging        | |  2.4
Spellcasting   | |  1.5

Action                   |  1- 3 |  4- 6 |  7- 9 | 10-12 || total
-------------------------+-------+-------+-------+-------++-------
Melee: Spear             |     5 |       |       |       ||     5
       Whip              |       |       |       |    18 ||    18
       Shortbow          |       |       |       |     2 ||     2
 Fire: Shortbow          |    88 |    91 |   420 |   140 ||   739
       Hunting sling     |     9 |    97 |   111 |       ||   217
Throw: Dart              |       |    39 |     2 |       ||    41
 Cast: Corona            |    31 |    51 |    85 |     8 ||   175
       Slow              |     8 |    31 |    80 |    36 ||   155
       Confusing Touch   |       |       |       |     2 ||     2
Evoke: Wand              |       |       |    11 |       ||    11
  Use: Potion            |       |     4 |       |     5 ||     9
       Scroll            |       |    11 |     3 |     1 ||    15
  Eat: Chunk             |     6 |    10 |    18 |     4 ||    38
       Ration            |       |     1 |     2 |     1 ||     4
Armor: Robe              |     6 |       |       |       ||     6
       Ring mail         |     3 |    36 |    67 |    10 ||   116
       Skin              |       |    16 |       |     6 ||    22
Dodge: Dodged            |    44 |    74 |   133 |    25 ||   276
       Repelled          |       |       |     3 |       ||     3
Block: Other             |     1 |    11 |    37 |     6 ||    55
       Reflection        |       |       |     2 |       ||     2

Table legend:
 A = Non-vault XP
 B = Vault XP
 C = Vault XP percentage of total XP
 D = Non-vault monster count
 E = Vault monster count
 F = Vault count percentage of total count
                 A         B        C        D         E       F
            +---------+---------+-------+---------+---------+-------
      Total |    5331 |    1921 |  26.5 |     163 |       6 |   3.6
            +---------+---------+-------+---------+---------+-------
        D:1 |      49 |       3 |   5.8 |      23 |       2 |   8.0
        D:2 |      34 |       0 |   0.0 |       9 |       0 |   0.0
        D:3 |     199 |       0 |   0.0 |      24 |       0 |   0.0
        D:4 |     195 |       0 |   0.0 |      12 |       0 |   0.0
        D:5 |     665 |       0 |   0.0 |      18 |       0 |   0.0
        D:6 |    1144 |     182 |  13.7 |      29 |       1 |   3.3
        D:7 |     421 |     875 |  67.5 |      12 |       2 |  14.3
        D:8 |    2624 |     861 |  24.7 |      36 |       1 |   2.7
            +---------+---------+-------+---------+---------+-------
